Thunder vs Monarchs

Created - February 19, 2020 at 19:00

Goals
1 2 3 OT1 SO T
Thunder 0 5 1 0 2 6
Monarchs 1 1 4 0 3 7
Shots
1 2 3 OT1 SO T
Thunder 7 17 10 3 5 37
Monarchs 3 14 16 3 5 36

1st period

1. Monarchs , Luke Witkowski 22 (Andreas Martinsen 34, Brayden Point 20) at 16:14

Penalties :
David Wolf (TRO) for Tripping (Minor) at 9:48

2nd period

2. Monarchs , Elias Lindholm 5 (Nicolas Deslauriers 10, Griffin Reinhart 23) at 4:49
3. Thunder , Olli Maatta 2 (Eric Fehr 41, William Karlsson 37) at 5:58
4. Thunder , Olli Maatta 3 (Joey Ryan 20, Nikolay Prokhorkin 7) at 8:52
5. Thunder , Jamie McGinn 18 (Austin Wuthrich 10) at 10:12
6. Thunder , Joey Ryan 8 (Olli Maatta 14) at 12:59 (PP)
7. Thunder , David Wolf 18 (Olli Maatta 15, Joey Ryan 21) at 16:07 (PP)

Penalties :
Brayden Point (MAN) for Hooking (Minor) at 12:09, Andreas Martinsen (MAN) for Slashing (Minor) at 15:41

3rd period

8. Monarchs , Dwight King 22 (Anthony Mantha 9, Eric Comrie) at 2:42
9. Monarchs , Tim Schaller 26 (Jimmy Hayes 24) at 4:27
10. Monarchs , Max Domi 27 (Morgan Rielly 19, Tim Schaller 34) at 8:55
11. Thunder , William Karlsson 19 (Eric Fehr 42) at 11:47 (SH)
12. Monarchs , Morgan Rielly 3 (Aaron Ekblad 20, Chris Tierney 31) at 19:37

Penalties :
Jesper Pettersson (TRO) for Holding (Minor) at 11:36

Overtime #1

No Goal

Penalties :
No Penalty

Shootout

Thunder, Eric Fehr - Goal!
Monarchs , Dwight King - Shot Misses the Net
Thunder, William Karlsson - Stopped by Eric Comrie
Monarchs , Brayden Point - Shot Hit the Post
Thunder, David Wolf - Stopped by Eric Comrie
Monarchs , Anthony Mantha - Goal!
Thunder, Jamie McGinn - Goal!
Monarchs , Elias Lindholm - Goal!
Thunder, Jamie McGinn - Stopped by Eric Comrie
Monarchs , Andreas Martinsen - Goal!

Penalties :
No Penalty

Goalie Stats

Jussi Rynnas (TRO), 30 saves from 36 shots - (0.833), OTL, 3-8-2, 65:00 minutes
Eric Comrie (MAN), 13 saves from 14 shots - (0.929), W, 20-12-1, 28:45 minutes
Jason Missiaen (MAN), 18 saves from 23 shots - (0.783), 36:07 minutes

Players Stats for Thunder

Player Name              G  A  P  +/- PIM S  H  SB GA TA FO     MP     PP MP  PK MP  
------------------------------------------------------------------------------------
Artur Gavrus             0  0  0   0  0   0  1  0  0  0  0/0     3:10   0:00   1:07 
Austin Poganski          0  0  0   2  0   0  1  0  1  0  0/0    13:46   0:00   0:00 
Austin Wuthrich          0  1  1  -2  0   2  0  2  0  0  1/3    17:11   0:15   0:00 
Colby Cave               0  0  0  -2  0   0  1  0  0  0  1/3     5:02   0:00   0:00 
David Wolf               1  0  1  -3  2   5  3  1  0  0  0/0    21:04   1:01   0:46 
Derek Forbort            0  0  0  -1  0   1  3  2  0  1  0/0    18:51   0:11   1:32 
Emil Johansson           0  0  0   0  0   0  0  0  0  0  0/0     6:25   0:00   0:00 
Eric Fehr                0  2  2  -1  0   3  4  1  2  1  6/10   26:50   1:01   1:59 
Gianluca Curcuruto       0  0  0  -2  0   0  0  0  0  0  0/0    11:59   0:00   0:00 
Jamie McGinn             1  0  1  -2  0   3  2  0  1  0  0/1    17:27   0:15   0:00 
Jarrod Maidens           0  0  0   0  0   0  0  0  0  0  0/0     0:00   0:00   0:00 
Jesper Pettersson        0  0  0  -2  2   1  0  2  0  1  0/0    11:58   0:00   0:00 
Joey Ryan                1  2  3   1  0   4  0  2  1  0  0/0    27:45   1:05   2:26 
Jordan Weal              0  0  0   0  0   0  0  0  0  0  1/2     7:53   0:00   0:52 
Mackenze Stewart         0  0  0   0  0   0  0  0  0  1  0/0     6:25   0:00   0:00 
Michael Schumacher       0  0  0   0  0   0  0  0  0  0  0/0     6:02   0:00   0:10 
Nikolay Prokhorkin       0  1  1   2  0   2  0  0  0  1  0/0    14:07   0:00   0:58 
Olli Maatta              2  2  4   1  0   7  0  1  0  2  0/0    27:45   1:05   2:26 
Peter Andersson          0  0  0  -1  0   1  1  2  0  0  0/0    18:51   0:11   1:32 
Trevor Lewis             0  0  0   0  0   0  0  0  0  0  0/0     0:08   0:00   0:00 
Vincent Dunn             0  0  0  -1  0   0  1  0  0  0  2/10   17:43   0:15   0:00 
William Karlsson         1  1  2  -2  0   6  0  0  1  0  16/25  22:43   1:01   2:04 
Zach Stepan              0  0  0   2  0   2  0  1  0  1  1/7    12:55   0:00   0:00 

Players Stats for Monarchs

Player Name              G  A  P  +/- PIM S  H  SB GA TA FO     MP     PP MP  PK MP  
------------------------------------------------------------------------------------
Aaron Ekblad             0  1  1  -2  0   2  0  3  1  0  0/0    26:36   2:24   0:12 
Andreas Martinsen        0  1  1   1  2   4  0  0  1  0  0/0    16:58   0:32   0:00 
Anthony Mantha           0  1  1  -1  0   3  1  0  0  1  0/0    20:02   2:07   0:00 
Brayden Point            0  1  1   0  2   0  1  0  0  0  10/17  17:50   2:07   0:00 
Brett Connolly           0  0  0   2  0   1  2  0  0  1  0/0    10:15   0:01   0:00 
Chris Tierney            0  1  1   0  0   3  1  0  0  0  8/14   19:10   1:50   1:13 
Dwight King              1  0  1  -1  0   5  6  1  1  0  0/0    16:44   1:50   0:00 
Elias Lindholm           1  0  1   1  0   1  1  0  0  0  0/1     9:00   0:25   0:00 
Griffin Reinhart         0  1  1   0  0   1  0  3  0  0  0/0    16:23   2:24   0:00 
Jeff Petry               0  0  0   0  0   0  0  1  0  0  0/0     6:51   0:00   0:00 
Jimmy Hayes              0  1  1   0  0   2  0  2  0  0  0/0    14:44   0:55   0:00 
John Draeger             0  0  0   1  0   0  0  2  1  1  0/0    12:45   0:00   1:04 
Luke Witkowski           1  0  1   1  0   2  0  1  1  0  1/2    16:06   0:00   1:13 
Mark Pysyk               0  0  0  -2  0   2  1  4  1  0  0/0    25:54   1:34   1:04 
Max Domi                 1  0  1   1  0   3  2  2  0  0  1/3    22:19   2:07   0:00 
Morgan Rielly            1  1  2   4  0   1  0  1  1  1  0/0    17:43   1:34   0:00 
Nicolas Deslauriers      0  1  1   1  0   1  0  0  0  1  0/0     8:03   0:00   0:03 
Scott Mayfield           0  0  0   0  0   0  0  0  0  0  0/0     6:51   0:00   0:00 
Tim Schaller             1  1  2   1  0   4  4  1  1  0  13/24  17:31   0:00   0:03 
Zach Trotman             0  0  0   3  0   1  0  1  0  1  0/0    16:57   0:00   0:12 

3 Stars

1 - Olli Maatta (TRO)
2 - Morgan Rielly (MAN)
3 - Tim Schaller (MAN)

Power Play

Thunder - 2 on 2 Attempt(s) - 100.00%
Monarchs - 0 on 2 Attempt(s) - 0.00%

Penalty Kill

Thunder - 2 on 2 Attempt(s) - 100.00% - Score 1 goal in Penalty Kill
Monarchs - 0 on 2 Attempt(s) - 0.00% - Score 0 goal in Penalty Kill

Team Stat

Thunder - Hits : 17 - Faceoff Wins : 28 - Blocked Shots : 14 - Penalty Minutes : 4
Monarchs - Hits : 19 - Faceoff Wins : 33 - Blocked Shots : 22 - Penalty Minutes : 4

Official

Referees : Unknown
Linesman : Unknown

Game Notes

Trevor Lewis is injured at 0:26 of 1st period (Severed Right Wrist Tendon)
Eric Comrie enters game at 16:07 of 2nd period
Jimmy Hayes is injured at 7:02 of 3rd period (Sprained Right Knee)
19:10 of 3rd period - Thunder goal is going for a video replay. After video review, No Goal. The goalkeeper has been pushed into the net together with the puck after making a save.

Finance

Level 1 -- Attendance: 1727 (86.35%) -- Ticket Income $51,810
Level 2 -- Attendance: 935 (93.50%) -- Ticket Income $9,350
Total Attendance: 2662 (88.73%)
Total Ticket Income: $61,160
Other Income: $3,058
Total Income: $64,218

Thunder

5 vs 5 Forward 
   Center                   Left Wing                Right Wing               Time % Phy DF OF 
 1 William Karlsson         David Wolf               Eric Fehr                40     1   2  2  
 2 Trevor Lewis             Jamie McGinn             Austin Wuthrich          30     1   2  2  
 3 Zach Stepan              Nikolay Prokhorkin       Austin Poganski          20     1   2  2  
 4 Jordan Weal              Michael Schumacher       Eric Fehr                10     1   2  2  

5 vs 5 Defense 
   Defense                  Defense                                           Time % Phy DF OF 
 1 Olli Maatta              Joey Ryan                                         40     1   2  2  
 2 Peter Andersson          Derek Forbort                                     30     1   2  2  
 3 Gianluca Curcuruto       Jesper Pettersson                                 20     1   2  2  
 4 Emil Johansson           Mackenze Stewart                                  10     1   2  2  

PowerPlay Forward 
   Center                   Left Wing                Right Wing               Time % Phy DF OF 
 1 William Karlsson         David Wolf               Eric Fehr                60     1   2  2  
 2 Trevor Lewis             Jamie McGinn             Austin Wuthrich          40     1   2  2  

PowerPlay Defense
   Defense                  Defense                                           Time % Phy DF OF 
 1 Olli Maatta              Joey Ryan                                         60     1   2  2  
 2 Peter Andersson          Derek Forbort                                     40     1   2  2  

Penalty Kill 4 Players Forward 
   Center                   Wing                     Time % Phy DF OF 
 1 Eric Fehr                William Karlsson         60     1   2  2  
 2 David Wolf               Trevor Lewis             40     1   2  2  

Penalty Kill 4 Players Defense
   Defense                  Defense                  Time % Phy DF OF 
 1 Olli Maatta              Joey Ryan                60     1   2  2  
 2 Peter Andersson          Derek Forbort            40     1   2  2  

Penalty Kill - 3 Players Forward 
   Forward                                           Time % Phy DF OF 
 1 Eric Fehr                                         60     1   2  2  
 2 William Karlsson                                  40     1   2  2  

Penalty Kill - 3 Players Defense
   Defense                  Defense                  Time % Phy DF OF 
 1 Olli Maatta              Joey Ryan                60     1   2  2  
 2 Peter Andersson          Derek Forbort            40     1   2  2  

4 vs 4 Forward 
   Center                   Wing                     Time % Phy DF OF 
 1 Eric Fehr                William Karlsson         60     1   2  2  
 2 David Wolf               Trevor Lewis             40     1   2  2  

4 vs 4 Defense
   Defense                  Defense                  Time % Phy DF OF 
 1 Olli Maatta              Joey Ryan                60     1   2  2  
 2 Peter Andersson          Derek Forbort            40     1   2  2  

Last Minutes Offensive
   Center                   Left Wing                Right Wing               Defense                  Defense                  
   William Karlsson         David Wolf               Eric Fehr                Olli Maatta              Joey Ryan                

Last Minutes Defensive
   Center                   Left Wing                Right Wing               Defense                  Defense                  
   William Karlsson         David Wolf               Eric Fehr                Olli Maatta              Joey Ryan                

Goaltenders
Starting : Jussi Rynnas             
Backup : Niklas Treutle           

Extra Forwards
Normal : Vincent Dunn, Colby Cave, Artur Gavrus - PP : Vincent Dunn, Colby Cave - PK : Artur Gavrus
Extra Defensemen
Normal : Gianluca Curcuruto, Jesper Pettersson, Emil Johansson - PP : Gianluca Curcuruto - PK : Jesper Pettersson, Emil Johansson
Penalty Shots
Eric Fehr, William Karlsson, David Wolf, Trevor Lewis, Jamie McGinn

Scratches
Dany Roussin (Healthy), Mikko Vainonen (Healthy), Mason McDonald (Healthy)

Monarchs

5 vs 5 Forward 
   Center                   Left Wing                Right Wing               Time % Phy DF OF 
 1 Tim Schaller             Max Domi                 Jimmy Hayes              35     1   2  2  
 2 Chris Tierney            Dwight King              Anthony Mantha           30     1   2  2  
 3 Brayden Point            Andreas Martinsen        Luke Witkowski           30     1   2  2  
 4 Elias Lindholm           Nicolas Deslauriers      Brett Connolly           5      1   2  2  

5 vs 5 Defense 
   Defense                  Defense                                           Time % Phy DF OF 
 1 Mark Pysyk               Aaron Ekblad                                      40     1   3  1  
 2 Zach Trotman             Morgan Rielly                                     30     0   2  3  
 3 John Draeger             Griffin Reinhart                                  20     0   3  2  
 4 Jeff Petry               Scott Mayfield                                    10     1   3  1  

PowerPlay Forward 
   Center                   Left Wing                Right Wing               Time % Phy DF OF 
 1 Brayden Point            Max Domi                 Anthony Mantha           60     1   0  4  
 2 Chris Tierney            Dwight King              Jimmy Hayes              40     1   0  4  

PowerPlay Defense
   Defense                  Defense                                           Time % Phy DF OF 
 1 Aaron Ekblad             Griffin Reinhart                                  60     0   3  2  
 2 Mark Pysyk               Morgan Rielly                                     40     0   3  2  

Penalty Kill 4 Players Forward 
   Center                   Wing                     Time % Phy DF OF 
 1 Chris Tierney            Luke Witkowski           60     1   3  1  
 2 Tim Schaller             Nicolas Deslauriers      40     1   3  1  

Penalty Kill 4 Players Defense
   Defense                  Defense                  Time % Phy DF OF 
 1 John Draeger             Mark Pysyk               60     1   4  0  
 2 Zach Trotman             Aaron Ekblad             40     1   4  0  

Penalty Kill - 3 Players Forward 
   Forward                                           Time % Phy DF OF 
 1 Chris Tierney                                     60     1   3  1  
 2 Andreas Martinsen                                 40     1   3  1  

Penalty Kill - 3 Players Defense
   Defense                  Defense                  Time % Phy DF OF 
 1 John Draeger             Mark Pysyk               60     1   4  0  
 2 Aaron Ekblad             Zach Trotman             40     1   4  0  

4 vs 4 Forward 
   Center                   Wing                     Time % Phy DF OF 
 1 Max Domi                 Anthony Mantha           60     1   2  2  
 2 Chris Tierney            Dwight King              40     1   2  2  

4 vs 4 Defense
   Defense                  Defense                  Time % Phy DF OF 
 1 Aaron Ekblad             Mark Pysyk               60     1   2  2  
 2 Zach Trotman             Griffin Reinhart         40     1   2  2  

Last Minutes Offensive
   Center                   Left Wing                Right Wing               Defense                  Defense                  
   Chris Tierney            Max Domi                 Jimmy Hayes              Aaron Ekblad             Morgan Rielly            

Last Minutes Defensive
   Center                   Left Wing                Right Wing               Defense                  Defense                  
   Chris Tierney            Nicolas Deslauriers      Luke Witkowski           John Draeger             Zach Trotman             

Goaltenders
Starting : Jason Missiaen           
Backup : Eric Comrie              

Extra Forwards
Normal : Max Domi, Anthony Mantha, Brayden Point - PP : Andreas Martinsen, Elias Lindholm - PK : Anthony Mantha
Extra Defensemen
Normal : Mark Pysyk, Aaron Ekblad, Morgan Rielly - PP : Zach Trotman - PK : Griffin Reinhart, Scott Mayfield
Penalty Shots
Dwight King, Brayden Point, Anthony Mantha, Elias Lindholm, Andreas Martinsen

Scratches
Cedric Paquette (Healthy), Colton Sissons (Healthy), Mike Hoffman (Healthy), Keith Yandle (Healthy), Joel Vermin (Healthy)
Samuel Morin (Right Foot Injury), Anthony Peluso (Healthy), Gustav Forsling (Healthy), Chase De Leo (Healthy)

% Time on Ice - Thunder

Lines # - Real PCT - Wanted PCT - Time Play
Normal Forward
1 - 30% - 40% - 16:21
2 - 35% - 30% - 18:55
3 - 24% - 20% - 12:55
4 - 11% - 10% - 5:52
Normal Defense
1 - 39% - 40% - 21:08
2 - 28% - 30% - 15:06
3 - 21% - 20% - 11:24
4 - 12% - 10% - 6:25
PP Forward
1 - 80% - 60% - 1:01
2 - 20% - 40% - 0:15
PP Defense
1 - 86% - 60% - 1:05
2 - 14% - 40% - 0:11
PK Forward
1 - 70% - 60% - 2:47
2 - 30% - 40% - 1:11
PK Defense
1 - 61% - 60% - 2:26
2 - 39% - 40% - 1:32
PK3 Forward
1 - 0% - 60%
2 - 0% - 40%
PK3 Defense
1 - 0% - 60%
2 - 0% - 40%
44 Forward
1 - 82% - 60% - 4:07
2 - 18% - 40% - 0:53
44 Defense
1 - 59% - 60% - 2:58
2 - 41% - 40% - 2:02
Last Minute Offensive  - 0:00
Last Minute Defensive  - 0:43
Total
Forward - 65:00
Defense - 65:00

% Time on Ice - Monarchs

Lines # - Real PCT - Wanted PCT - Time Play
Normal Forward
1 - 32% - 35% - 17:11
2 - 29% - 30% - 15:38
3 - 25% - 30% - 13:32
4 - 14% - 5% - 7:39
Normal Defense
1 - 39% - 40% - 20:51
2 - 28% - 30% - 14:56
3 - 21% - 20% - 11:22
4 - 13% - 10% - 6:51
PP Forward
1 - 53% - 60% - 2:07
2 - 47% - 40% - 1:51
PP Defense
1 - 61% - 60% - 2:24
2 - 39% - 40% - 1:34
PK Forward
1 - 96% - 60% - 1:13
2 - 4% - 40% - 0:03
PK Defense
1 - 84% - 60% - 1:04
2 - 16% - 40% - 0:12
PK3 Forward
1 - 0% - 60%
2 - 0% - 40%
PK3 Defense
1 - 0% - 60%
2 - 0% - 40%
44 Forward
1 - 77% - 60% - 3:50
2 - 23% - 40% - 1:10
44 Defense
1 - 60% - 60% - 3:00
2 - 40% - 40% - 2:00
Last Minute Offensive  - 0:46
Last Minute Defensive  - 0:00
Total
Forward - 65:00
Defense - 65:00

Play-by-Play

1st period


0:01 of 1st period - Tim Schaller wins face-off versus William Karlsson in neutral zone.
0:04 of 1st period - Olli Maatta is hit by Tim Schaller and loses puck.
0:25 of 1st period - Trevor Lewis is hit by Dwight King and loses puck.
0:26 of 1st period - Trevor Lewis from Thunder is injured at 0:26 of 1st period (Severed Right Wrist Tendon).
0:27 of 1st period - Brayden Point wins face-off versus Zach Stepan in Thunder zone.
0:36 of 1st period - Snap shot by Luke Witkowski.
0:36 of 1st period - Shot Misses the Net.
1:32 of 1st period - William Karlsson is hit by Tim Schaller and loses puck.
1:56 of 1st period - Icing by Austin Poganski.
1:57 of 1st period - Chris Tierney wins face-off versus Zach Stepan in Thunder zone.
2:12 of 1st period - Wrist shot by Nikolay Prokhorkin.
2:12 of 1st period - Shot Misses the Net.
2:14 of 1st period - Snap shot by Zach Stepan.
2:14 of 1st period - Shot Blocked by Dwight King.
2:32 of 1st period - Mackenze Stewart is hit by Anthony Mantha and loses puck.
3:34 of 1st period - Anthony Mantha is hit by Austin Poganski.
4:12 of 1st period - Snap shot by Nikolay Prokhorkin.
4:12 of 1st period - Stopped by Jason Missiaen without a rebound.
4:13 of 1st period - William Karlsson wins face-off versus Tim Schaller in Monarchs zone.
4:28 of 1st period - Slapshot by Max Domi.
4:28 of 1st period - Shot Misses the Net.
6:16 of 1st period - Slapshot by William Karlsson.
6:16 of 1st period - Shot Blocked by Zach Trotman.
7:21 of 1st period - Icing by John Draeger.
7:22 of 1st period - Brayden Point wins face-off versus Colby Cave in Monarchs zone.
7:27 of 1st period - Jimmy Hayes is hit by Jamie McGinn and loses puck.
8:42 of 1st period - Off-side.
8:43 of 1st period - Brayden Point wins face-off versus Zach Stepan in neutral zone.
9:12 of 1st period - Snap shot by Eric Fehr.
9:12 of 1st period - Stopped by Jason Missiaen with a rebound.
9:14 of 1st period - Snap shot by William Karlsson.
9:14 of 1st period - Shot Misses the Net.
9:16 of 1st period - Slapshot by Eric Fehr.
9:16 of 1st period - Shot Blocked by Jimmy Hayes.
9:48 of 1st period - Minor Penalty to David Wolf for Tripping.
9:49 of 1st period - Eric Fehr wins face-off versus Brayden Point in Thunder zone.
10:35 of 1st period - Aaron Ekblad is hit by Artur Gavrus and loses puck.
10:50 of 1st period - Peter Andersson is hit by Dwight King and loses puck.
11:48 of 1st period - Penalty to David Wolf is over, David Wolf is back on ice.
11:53 of 1st period - Snap shot by Jamie McGinn.
11:53 of 1st period - Stopped by Jason Missiaen with a rebound.
13:14 of 1st period - Jamie McGinn is hit by Elias Lindholm and loses puck.
14:08 of 1st period - Zach Stepan is hit by Dwight King and loses puck.
14:25 of 1st period - Snap shot by William Karlsson.
14:25 of 1st period - Stopped by Jason Missiaen with a rebound.
14:35 of 1st period - Austin Wuthrich is hit by Dwight King and loses puck.
14:46 of 1st period - Olli Maatta is hit by Mark Pysyk and loses puck.
15:33 of 1st period - Slapshot by Olli Maatta.
15:33 of 1st period - Stopped by Jason Missiaen with a rebound.
15:51 of 1st period - Slapshot by Chris Tierney.
15:51 of 1st period - Stopped by Jussi Rynnas without a rebound.
15:52 of 1st period - Tim Schaller wins face-off versus Austin Wuthrich in Thunder zone.
15:53 of 1st period - Snap shot by Jimmy Hayes.
15:53 of 1st period - Stopped by Jussi Rynnas with a rebound.
16:06 of 1st period - Off-side.
16:07 of 1st period - Brayden Point wins face-off versus William Karlsson in neutral zone.
16:14 of 1st period - Snap shot by Luke Witkowski.
16:14 of 1st period - Goal by Luke Witkowski - Thunder : 0 - Monarchs : 1.
16:15 of 1st period - Eric Fehr wins face-off versus Tim Schaller in neutral zone.
16:22 of 1st period - Jimmy Hayes is hit by David Wolf and loses puck.
17:08 of 1st period - Slapshot by Joey Ryan.
17:08 of 1st period - Shot Blocked by Griffin Reinhart.
17:32 of 1st period - Slapshot by Nikolay Prokhorkin.
17:32 of 1st period - Stopped by Jason Missiaen without a rebound.
17:33 of 1st period - Tim Schaller wins face-off versus William Karlsson in Monarchs zone.
18:43 of 1st period - Slapshot by Jesper Pettersson.
18:43 of 1st period - Stopped by Jason Missiaen with a rebound.
18:45 of 1st period - Snap shot by Eric Fehr.
18:45 of 1st period - Shot Misses the Net.
18:47 of 1st period - Wrist shot by Eric Fehr.
18:47 of 1st period - Shot Blocked by Mark Pysyk.
19:18 of 1st period - Andreas Martinsen is hit by Derek Forbort and loses puck.
Goals for this period are 0 for Thunder vs 1 for Monarchs .
Shots for this period are 7 for Thunder vs 3 for Monarchs .

2nd period


0:01 of 2nd period - William Karlsson wins face-off versus Tim Schaller in neutral zone.
0:25 of 2nd period - Snap shot by Austin Wuthrich.
0:25 of 2nd period - Shot Misses the Net.
0:27 of 2nd period - Slapshot by Derek Forbort.
0:27 of 2nd period - Deflect By Jamie McGinn.
0:27 of 2nd period - Shot Misses the Net.
0:27 of 2nd period - Puck is out of play.
0:28 of 2nd period - Brayden Point wins face-off versus Vincent Dunn in Monarchs zone.
0:53 of 2nd period - Peter Andersson is hit by Tim Schaller and loses puck.
1:16 of 2nd period - Snap shot by Dwight King.
1:16 of 2nd period - Stopped by Jussi Rynnas without a rebound.
1:17 of 2nd period - Chris Tierney wins face-off versus Zach Stepan in Thunder zone.
1:18 of 2nd period - Snap shot by Anthony Mantha.
1:18 of 2nd period - Stopped by Jussi Rynnas with a rebound.
1:20 of 2nd period - Slapshot by Mark Pysyk.
1:20 of 2nd period - Stopped by Jussi Rynnas with a rebound.
1:22 of 2nd period - Snap shot by Anthony Mantha.
1:22 of 2nd period - Stopped by Jussi Rynnas with a rebound.
1:24 of 2nd period - Slapshot by Aaron Ekblad.
1:24 of 2nd period - Shot Blocked by Peter Andersson.
2:54 of 2nd period - Eric Fehr is hit by Dwight King and loses puck.
3:39 of 2nd period - Snap shot by Luke Witkowski.
3:39 of 2nd period - Shot Blocked by Derek Forbort.
4:15 of 2nd period - Nicolas Deslauriers is hit by Eric Fehr and loses puck.
4:39 of 2nd period - Snap shot by Nicolas Deslauriers.
4:39 of 2nd period - Stopped by Jussi Rynnas with a rebound.
4:49 of 2nd period - Snap shot by Elias Lindholm.
4:49 of 2nd period - Goal by Elias Lindholm - Thunder : 0 - Monarchs : 2.
4:50 of 2nd period - William Karlsson wins face-off versus Tim Schaller in neutral zone.
4:59 of 2nd period - Wrist shot by Eric Fehr.
4:59 of 2nd period - Shot Blocked by Tim Schaller.
5:01 of 2nd period - Slapshot by Olli Maatta.
5:01 of 2nd period - Stopped by Jason Missiaen with a rebound.
5:03 of 2nd period - Snap shot by Joey Ryan.
5:03 of 2nd period - Deflect By Zach Trotman.
5:03 of 2nd period - Stopped by Jason Missiaen with a rebound.
5:05 of 2nd period - Snap shot by Joey Ryan.
5:05 of 2nd period - Deflect By William Karlsson.
5:05 of 2nd period - Stopped by Jason Missiaen without a rebound.
5:06 of 2nd period - Austin Wuthrich wins face-off versus Brayden Point in Monarchs zone.
5:58 of 2nd period - Slapshot by Olli Maatta.
5:58 of 2nd period - Deflect By Zach Trotman.
5:58 of 2nd period - Goal by Olli Maatta - Thunder : 1 - Monarchs : 2.
5:59 of 2nd period - William Karlsson wins face-off versus Tim Schaller in neutral zone.
6:11 of 2nd period - Wrist shot by Eric Fehr.
6:11 of 2nd period - Stopped by Jason Missiaen without a rebound.
6:12 of 2nd period - William Karlsson wins face-off versus Tim Schaller in Monarchs zone.
6:43 of 2nd period - Snap shot by Jamie McGinn.
6:43 of 2nd period - Shot Misses the Net.
7:23 of 2nd period - Nicolas Deslauriers is hit by Eric Fehr and loses puck.
7:30 of 2nd period - Peter Andersson is hit by Brett Connolly and loses puck.
7:42 of 2nd period - Icing by Derek Forbort.
7:43 of 2nd period - Tim Schaller wins face-off versus Vincent Dunn in Thunder zone.
7:48 of 2nd period - Snap shot by Tim Schaller.
7:48 of 2nd period - Shot Misses the Net.
7:50 of 2nd period - Snap shot by Tim Schaller.
7:50 of 2nd period - Shot Misses the Net.
7:52 of 2nd period - Slapshot by Jimmy Hayes.
7:52 of 2nd period - Stopped by Jussi Rynnas with a rebound.
7:54 of 2nd period - Snap shot by Tim Schaller.
7:54 of 2nd period - Shot Misses the Net.
8:12 of 2nd period - Wrist shot by Luke Witkowski.
8:12 of 2nd period - Stopped by Jussi Rynnas with a rebound.
8:30 of 2nd period - Slapshot by Peter Andersson.
8:30 of 2nd period - Stopped by Jason Missiaen with a rebound.
8:32 of 2nd period - Slapshot by Derek Forbort.
8:32 of 2nd period - Stopped by Jason Missiaen without a rebound.
8:33 of 2nd period - Tim Schaller wins face-off versus Zach Stepan in Monarchs zone.
8:48 of 2nd period - Slapshot by Joey Ryan.
8:48 of 2nd period - Shot Misses the Net.
8:50 of 2nd period - Slapshot by Olli Maatta.
8:50 of 2nd period - Shot Blocked by Aaron Ekblad.
8:52 of 2nd period - Slapshot by Olli Maatta.
8:52 of 2nd period - Goal by Olli Maatta - Thunder : 2 - Monarchs : 2.
8:53 of 2nd period - Tim Schaller wins face-off versus William Karlsson in neutral zone.
8:56 of 2nd period - Slapshot by Aaron Ekblad.
8:56 of 2nd period - Shot Blocked by Eric Fehr.
8:58 of 2nd period - Wrist shot by Aaron Ekblad.
8:58 of 2nd period - Stopped by Jussi Rynnas with a rebound.
9:00 of 2nd period - Slapshot by Mark Pysyk.
9:00 of 2nd period - Shot Misses the Net.
9:02 of 2nd period - Wrist shot by Tim Schaller.
9:02 of 2nd period - Shot Blocked by David Wolf.
9:04 of 2nd period - Snap shot by Max Domi.
9:04 of 2nd period - Deflect By Joey Ryan.
9:04 of 2nd period - Stopped by Jussi Rynnas with a rebound.
9:24 of 2nd period - Snap shot by Austin Wuthrich.
9:24 of 2nd period - Stopped by Jason Missiaen with a rebound.
9:26 of 2nd period - Snap shot by Olli Maatta.
9:26 of 2nd period - Deflect By Jamie McGinn.
9:26 of 2nd period - Shot Blocked by Mark Pysyk.
9:26 of 2nd period - Puck is out of play.
9:27 of 2nd period - Brayden Point wins face-off versus Vincent Dunn in Monarchs zone.
9:35 of 2nd period - Icing by Jamie McGinn.
9:36 of 2nd period - Brayden Point wins face-off versus Vincent Dunn in Thunder zone.
9:45 of 2nd period - Snap shot by Luke Witkowski.
9:45 of 2nd period - Shot Blocked by Austin Wuthrich.
9:56 of 2nd period - Icing by Austin Wuthrich.
9:57 of 2nd period - Tim Schaller wins face-off versus Vincent Dunn in Thunder zone.
9:58 of 2nd period - Snap shot by Jimmy Hayes.
9:58 of 2nd period - Shot Misses the Net.
10:10 of 2nd period - Wrist shot by Jamie McGinn.
10:10 of 2nd period - Shot Blocked by Max Domi.
10:12 of 2nd period - Slapshot by Austin Wuthrich.
10:12 of 2nd period - Deflect By Jamie McGinn.
10:12 of 2nd period - Goal by Jamie McGinn - Thunder : 3 - Monarchs : 2.
10:13 of 2nd period - Tim Schaller wins face-off versus William Karlsson in neutral zone.
10:44 of 2nd period - Wrist shot by Andreas Martinsen.
10:44 of 2nd period - Shot Blocked by Austin Wuthrich.
10:48 of 2nd period - Wrist shot by Luke Witkowski.
10:48 of 2nd period - Shot Misses the Net.
11:18 of 2nd period - Snap shot by Eric Fehr.
11:18 of 2nd period - Shot Misses the Net.
11:38 of 2nd period - Snap shot by Jamie McGinn.
11:38 of 2nd period - Stopped by Jason Missiaen with a rebound.
11:40 of 2nd period - Snap shot by Vincent Dunn.
11:40 of 2nd period - Shot Blocked by John Draeger.
11:42 of 2nd period - Snap shot by Jamie McGinn.
11:42 of 2nd period - Shot Blocked by Griffin Reinhart.
11:49 of 2nd period - Icing by John Draeger.
11:50 of 2nd period - William Karlsson wins face-off versus Luke Witkowski in Monarchs zone.
11:53 of 2nd period - Slapshot by Eric Fehr.
11:53 of 2nd period - Stopped by Jason Missiaen with a rebound.
12:09 of 2nd period - Minor Penalty to Brayden Point for Hooking.
12:10 of 2nd period - Chris Tierney wins face-off versus Eric Fehr in Monarchs zone.
12:10 of 2nd period - Chris Tierney is hit by Peter Andersson.
12:20 of 2nd period - Snap shot by William Karlsson.
12:20 of 2nd period - Stopped by Jason Missiaen without a rebound.
12:21 of 2nd period - Luke Witkowski wins face-off versus William Karlsson in Monarchs zone.
12:21 of 2nd period - Luke Witkowski is hit by David Wolf.
12:59 of 2nd period - Snap shot by Joey Ryan.
12:59 of 2nd period - Deflect By Tim Schaller.
12:59 of 2nd period - Goal by Joey Ryan - Thunder : 4 - Monarchs : 2.
13:00 of 2nd period - William Karlsson wins face-off versus Tim Schaller in neutral zone.
13:05 of 2nd period - Wrist shot by William Karlsson.
13:05 of 2nd period - Shot Misses the Net.
14:01 of 2nd period - Off-side.
14:02 of 2nd period - Tim Schaller wins face-off versus Zach Stepan in neutral zone.
14:17 of 2nd period - Snap shot by Zach Stepan.
14:17 of 2nd period - Stopped by Jason Missiaen with a rebound.
14:29 of 2nd period - Wrist shot by Dwight King.
14:29 of 2nd period - Shot Misses the Net.
14:34 of 2nd period - Off-side.
14:35 of 2nd period - William Karlsson wins face-off versus Brayden Point in neutral zone.
14:46 of 2nd period - Slapshot by Aaron Ekblad.
14:46 of 2nd period - Deflect By William Karlsson.
14:46 of 2nd period - Stopped by Jussi Rynnas with a rebound.
14:48 of 2nd period - Slapshot by Aaron Ekblad.
14:48 of 2nd period - Shot Blocked by Jesper Pettersson.
14:50 of 2nd period - Snap shot by Andreas Martinsen.
14:50 of 2nd period - Stopped by Jussi Rynnas without a rebound.
14:51 of 2nd period - Vincent Dunn wins face-off versus Tim Schaller in Thunder zone.
15:29 of 2nd period - Snap shot by William Karlsson.
15:29 of 2nd period - Shot Misses the Net.
15:39 of 2nd period - Wrist shot by Nikolay Prokhorkin.
15:39 of 2nd period - Shot Blocked by Aaron Ekblad.
15:41 of 2nd period - Minor Penalty to Andreas Martinsen for Slashing.
15:42 of 2nd period - William Karlsson wins face-off versus Chris Tierney in Monarchs zone.
15:52 of 2nd period - Off-side.
15:53 of 2nd period - Chris Tierney wins face-off versus Eric Fehr in neutral zone.
15:56 of 2nd period - William Karlsson is hit by Chris Tierney and loses puck.
16:05 of 2nd period - Slapshot by Olli Maatta.
16:05 of 2nd period - Shot Misses the Net.
16:07 of 2nd period - Snap shot by David Wolf.
16:07 of 2nd period - Goal by David Wolf - Thunder : 5 - Monarchs : 2.
16:07 of 2nd period - Eric Comrie enters game.
16:08 of 2nd period - William Karlsson wins face-off versus Tim Schaller in neutral zone.
16:19 of 2nd period - Wrist shot by Jimmy Hayes.
16:19 of 2nd period - Shot Misses the Net.
16:38 of 2nd period - Wrist shot by Luke Witkowski.
16:38 of 2nd period - Shot Blocked by Joey Ryan.
17:27 of 2nd period - Snap shot by Tim Schaller.
17:27 of 2nd period - Shot Misses the Net.
17:33 of 2nd period - Max Domi is hit by Derek Forbort and loses puck.
18:32 of 2nd period - Slapshot by Mark Pysyk.
18:32 of 2nd period - Stopped by Jussi Rynnas with a rebound.
18:48 of 2nd period - Snap shot by Olli Maatta.
18:48 of 2nd period - Deflect By Jimmy Hayes.
18:48 of 2nd period - Stopped by Eric Comrie with a rebound.
19:38 of 2nd period - Morgan Rielly is hit by David Wolf.
19:54 of 2nd period - Wrist shot by Brett Connolly.
19:54 of 2nd period - Stopped by Jussi Rynnas with a rebound.
19:56 of 2nd period - Snap shot by Brett Connolly.
19:56 of 2nd period - Shot Blocked by Zach Stepan.
Goals for this period are 5 for Thunder vs 1 for Monarchs .
Shots for this period are 17 for Thunder vs 14 for Monarchs .

3rd period


0:01 of 3rd period - Tim Schaller wins face-off versus Eric Fehr in neutral zone.
0:39 of 3rd period - Slapshot by Tim Schaller.
0:39 of 3rd period - Shot Misses the Net.
0:41 of 3rd period - Backhand shot by Tim Schaller.
0:41 of 3rd period - Shot Misses the Net.
0:43 of 3rd period - Slapshot by Mark Pysyk.
0:43 of 3rd period - Deflect By Tim Schaller.
0:43 of 3rd period - Shot Misses the Net.
0:43 of 3rd period - Puck is out of play.
0:44 of 3rd period - William Karlsson wins face-off versus Brayden Point in Thunder zone.
0:55 of 3rd period - Snap shot by Andreas Martinsen.
0:55 of 3rd period - Stopped by Jussi Rynnas with a rebound.
0:57 of 3rd period - Snap shot by Zach Trotman.
0:57 of 3rd period - Shot Blocked by Joey Ryan.
1:40 of 3rd period - Backhand shot by Olli Maatta.
1:40 of 3rd period - Deflect By Griffin Reinhart.
1:40 of 3rd period - Stopped by Eric Comrie with a rebound.
2:18 of 3rd period - Snap shot by Max Domi.
2:18 of 3rd period - Deflect By Jimmy Hayes.
2:18 of 3rd period - Shot Blocked by Peter Andersson.
2:18 of 3rd period - Puck is out of play.
2:19 of 3rd period - William Karlsson wins face-off versus Chris Tierney in Thunder zone.
2:32 of 3rd period - Wrist shot by William Karlsson.
2:32 of 3rd period - Shot Blocked by Aaron Ekblad.
2:42 of 3rd period - Slapshot by Dwight King.
2:42 of 3rd period - Goal by Dwight King - Thunder : 5 - Monarchs : 3.
2:43 of 3rd period - Tim Schaller wins face-off versus William Karlsson in neutral zone.
3:35 of 3rd period - Snap shot by Anthony Mantha.
3:35 of 3rd period - Shot Misses the Net.
4:18 of 3rd period - Eric Fehr is hit by Tim Schaller and loses puck.
4:27 of 3rd period - Wrist shot by Tim Schaller.
4:27 of 3rd period - Goal by Tim Schaller - Thunder : 5 - Monarchs : 4.
4:28 of 3rd period - Vincent Dunn wins face-off versus Brayden Point in neutral zone.
4:35 of 3rd period - Slapshot by Olli Maatta.
4:35 of 3rd period - Deflect By Jamie McGinn.
4:35 of 3rd period - Deflect By Andreas Martinsen.
4:35 of 3rd period - Shot Blocked by Luke Witkowski.
4:35 of 3rd period - Puck is out of play.
4:36 of 3rd period - Brayden Point wins face-off versus Jamie McGinn in Monarchs zone.
4:41 of 3rd period - Snap shot by Zach Trotman.
4:41 of 3rd period - Shot Misses the Net.
4:55 of 3rd period - Zach Trotman is hit by Jamie McGinn and loses puck.
5:08 of 3rd period - Wrist shot by Olli Maatta.
5:08 of 3rd period - Shot Misses the Net.
5:10 of 3rd period - Snap shot by Jamie McGinn.
5:10 of 3rd period - Shot Blocked by Morgan Rielly.
5:12 of 3rd period - Snap shot by Austin Wuthrich.
5:12 of 3rd period - Stopped by Eric Comrie without a rebound.
5:13 of 3rd period - William Karlsson wins face-off versus Chris Tierney in Monarchs zone.
5:14 of 3rd period - Snap shot by Eric Fehr.
5:14 of 3rd period - Shot Misses the Net.
5:38 of 3rd period - Derek Forbort is hit by Max Domi and loses puck.
5:47 of 3rd period - Wrist shot by Jimmy Hayes.
5:47 of 3rd period - Shot Misses the Net.
5:59 of 3rd period - Wrist shot by Brett Connolly.
5:59 of 3rd period - Shot Misses the Net.
6:01 of 3rd period - Snap shot by Brett Connolly.
6:01 of 3rd period - Shot Misses the Net.
6:03 of 3rd period - Snap shot by Morgan Rielly.
6:03 of 3rd period - Shot Misses the Net.
6:07 of 3rd period - Snap shot by Nicolas Deslauriers.
6:07 of 3rd period - Shot Misses the Net.
6:09 of 3rd period - Snap shot by Zach Trotman.
6:09 of 3rd period - Shot Misses the Net.
6:21 of 3rd period - Snap shot by Andreas Martinsen.
6:21 of 3rd period - Shot Blocked by Olli Maatta.
6:23 of 3rd period - Snap shot by Zach Trotman.
6:23 of 3rd period - Stopped by Jussi Rynnas with a rebound.
6:25 of 3rd period - Snap shot by Luke Witkowski.
6:25 of 3rd period - Shot Misses the Net.
7:02 of 3rd period - Slapshot by William Karlsson.
7:02 of 3rd period - Deflect By Eric Fehr.
7:02 of 3rd period - Shot Blocked by Jimmy Hayes.
7:02 of 3rd period - Jimmy Hayes from Monarchs is injured at 7:02 of 3rd period (Sprained Right Knee).
7:03 of 3rd period - William Karlsson wins face-off versus Tim Schaller in Monarchs zone.
7:12 of 3rd period - Snap shot by William Karlsson.
7:12 of 3rd period - Stopped by Eric Comrie with a rebound.
7:14 of 3rd period - Slapshot by Joey Ryan.
7:14 of 3rd period - Shot Misses the Net.
7:16 of 3rd period - Wrist shot by David Wolf.
7:16 of 3rd period - Stopped by Eric Comrie with a rebound.
7:18 of 3rd period - Slapshot by Olli Maatta.
7:18 of 3rd period - Shot Blocked by Max Domi.
7:51 of 3rd period - Snap shot by Nicolas Deslauriers.
7:51 of 3rd period - Shot Misses the Net.
7:53 of 3rd period - Slapshot by Morgan Rielly.
7:53 of 3rd period - Deflect By Nicolas Deslauriers.
7:53 of 3rd period - Shot Blocked by Derek Forbort.
7:53 of 3rd period - Puck is out of play.
7:54 of 3rd period - Zach Stepan wins face-off versus Elias Lindholm in Thunder zone.
8:01 of 3rd period - Wrist shot by Austin Poganski.
8:01 of 3rd period - Shot Misses the Net.
8:13 of 3rd period - Wrist shot by Zach Stepan.
8:13 of 3rd period - Deflect By Nikolay Prokhorkin.
8:13 of 3rd period - Shot Blocked by Jeff Petry.
8:13 of 3rd period - Puck is out of play.
8:14 of 3rd period - Chris Tierney wins face-off versus William Karlsson in Monarchs zone.
8:21 of 3rd period - Wrist shot by Chris Tierney.
8:21 of 3rd period - Stopped by Jussi Rynnas without a rebound.
8:22 of 3rd period - William Karlsson wins face-off versus Chris Tierney in Thunder zone.
8:40 of 3rd period - Backhand shot by Dwight King.
8:40 of 3rd period - Stopped by Jussi Rynnas without a rebound.
8:41 of 3rd period - Tim Schaller wins face-off versus Vincent Dunn in Thunder zone.
8:42 of 3rd period - Snap shot by Max Domi.
8:42 of 3rd period - Shot Misses the Net.
8:53 of 3rd period - Snap shot by Tim Schaller.
8:53 of 3rd period - Deflect By Austin Wuthrich.
8:53 of 3rd period - Stopped by Jussi Rynnas with a rebound.
8:55 of 3rd period - Slapshot by Morgan Rielly.
8:55 of 3rd period - Deflect By Max Domi.
8:55 of 3rd period - Goal by Max Domi - Thunder : 5 - Monarchs : 5.
8:56 of 3rd period - Tim Schaller wins face-off versus William Karlsson in neutral zone.
9:05 of 3rd period - Slapshot by Tim Schaller.
9:05 of 3rd period - Stopped by Jussi Rynnas without a rebound.
9:06 of 3rd period - William Karlsson wins face-off versus Tim Schaller in Thunder zone.
9:23 of 3rd period - Wrist shot by Anthony Mantha.
9:23 of 3rd period - Shot Misses the Net.
9:29 of 3rd period - Wrist shot by Max Domi.
9:29 of 3rd period - Shot Misses the Net.
9:31 of 3rd period - Wrist shot by Max Domi.
9:31 of 3rd period - Stopped by Jussi Rynnas with a rebound.
9:33 of 3rd period - Snap shot by Anthony Mantha.
9:33 of 3rd period - Stopped by Jussi Rynnas without a rebound.
9:34 of 3rd period - Brayden Point wins face-off versus Vincent Dunn in Thunder zone.
9:41 of 3rd period - Wrist shot by Andreas Martinsen.
9:41 of 3rd period - Shot Misses the Net.
10:17 of 3rd period - Olli Maatta is hit by Max Domi and loses puck.
10:30 of 3rd period - Slapshot by William Karlsson.
10:30 of 3rd period - Stopped by Eric Comrie with a rebound.
11:00 of 3rd period - Slapshot by Aaron Ekblad.
11:00 of 3rd period - Shot Misses the Net.
11:20 of 3rd period - Snap shot by Zach Stepan.
11:20 of 3rd period - Stopped by Eric Comrie without a rebound.
11:21 of 3rd period - Chris Tierney wins face-off versus Vincent Dunn in Monarchs zone.
11:21 of 3rd period - Chris Tierney is hit by Vincent Dunn.
11:36 of 3rd period - Minor Penalty to Jesper Pettersson for Holding.
11:37 of 3rd period - Eric Fehr wins face-off versus Brayden Point in Thunder zone.
11:47 of 3rd period - Snap shot by William Karlsson.
11:47 of 3rd period - Goal by William Karlsson - Thunder : 6 - Monarchs : 5.
11:48 of 3rd period - Eric Fehr wins face-off versus Brayden Point in neutral zone.
11:51 of 3rd period - Brayden Point is hit by Eric Fehr and loses puck.
12:24 of 3rd period - Slapshot by Aaron Ekblad.
12:24 of 3rd period - Shot Misses the Net.
12:36 of 3rd period - Wrist shot by Dwight King.
12:36 of 3rd period - Stopped by Jussi Rynnas with a rebound.
12:38 of 3rd period - Snap shot by Morgan Rielly.
12:38 of 3rd period - Shot Misses the Net.
13:18 of 3rd period - Griffin Reinhart is hit by Derek Forbort and loses puck.
13:36 of 3rd period - Penalty to Jesper Pettersson is over, Jesper Pettersson is back on ice.
13:45 of 3rd period - Austin Wuthrich is hit by Brett Connolly and loses puck.
14:02 of 3rd period - Snap shot by Tim Schaller.
14:02 of 3rd period - Stopped by Jussi Rynnas with a rebound.
14:04 of 3rd period - Slapshot by Luke Witkowski.
14:04 of 3rd period - Shot Blocked by Jesper Pettersson.
14:06 of 3rd period - Snap shot by Andreas Martinsen.
14:06 of 3rd period - Stopped by Jussi Rynnas with a rebound.
14:41 of 3rd period - Snap shot by Eric Fehr.
14:41 of 3rd period - Shot Blocked by Griffin Reinhart.
16:01 of 3rd period - Mark Pysyk is hit by Eric Fehr and loses puck.
16:32 of 3rd period - Luke Witkowski is hit by Colby Cave and loses puck.
19:02 of 3rd period - Snap shot by Joey Ryan.
19:02 of 3rd period - Shot Misses the Net.
19:04 of 3rd period - Wrist shot by William Karlsson.
19:04 of 3rd period - Shot Blocked by John Draeger.
19:06 of 3rd period - Slapshot by Joey Ryan.
19:06 of 3rd period - Stopped by Eric Comrie with a rebound.
19:08 of 3rd period - Slapshot by Olli Maatta.
19:08 of 3rd period - Shot Misses the Net.
19:10 of 3rd period - Slapshot by Olli Maatta.
19:10 of 3rd period - Thunder goal is going for a video replay.
19:10 of 3rd period - The goal is refused. The goalkeeper has been pushed into the net together with the puck after making a save..
19:11 of 3rd period - Craig MacTavish call a timeout for Monarchs .
19:11 of 3rd period - Colby Cave wins face-off versus Chris Tierney in Monarchs zone.
19:14 of 3rd period - Slapshot by David Wolf.
19:14 of 3rd period - Stopped by Eric Comrie with a rebound.
19:29 of 3rd period - Monarchs , Eric Comrie is pulled from the net.
19:33 of 3rd period - Backhand shot by Chris Tierney.
19:33 of 3rd period - Stopped by Jussi Rynnas with a rebound.
19:35 of 3rd period - Slapshot by Aaron Ekblad.
19:35 of 3rd period - Shot Misses the Net.
19:37 of 3rd period - Slapshot by Morgan Rielly.
19:37 of 3rd period - Goal by Morgan Rielly - Thunder : 6 - Monarchs : 6.
19:37 of 3rd period - Eric Comrie from Monarchs was sent back in the game.
19:38 of 3rd period - Brayden Point wins face-off versus Jordan Weal in neutral zone.
19:54 of 3rd period - Off-side.
19:55 of 3rd period - Chris Tierney wins face-off versus Austin Wuthrich in neutral zone.
19:58 of 3rd period - Vincent Dunn is hit by Dwight King.
Goals for this period are 1 for Thunder vs 4 for Monarchs .
Shots for this period are 10 for Thunder vs 16 for Monarchs .

Overtime #1


0:01 of 1st overtime period - Max Domi wins face-off versus Eric Fehr in neutral zone.
0:08 of 1st overtime period - Wrist shot by Joey Ryan.
0:08 of 1st overtime period - Stopped by Eric Comrie with a rebound.
0:10 of 1st overtime period - Wrist shot by William Karlsson.
0:10 of 1st overtime period - Deflect By Eric Fehr.
0:10 of 1st overtime period - Shot Blocked by Mark Pysyk.
0:10 of 1st overtime period - Puck is out of play.
0:11 of 1st overtime period - Eric Fehr wins face-off versus Max Domi in Monarchs zone.
0:14 of 1st overtime period - Wrist shot by Eric Fehr.
0:14 of 1st overtime period - Shot Misses the Net.
0:24 of 1st overtime period - Snap shot by William Karlsson.
0:24 of 1st overtime period - Shot Misses the Net.
0:57 of 1st overtime period - Snap shot by Andreas Martinsen.
0:57 of 1st overtime period - Stopped by Jussi Rynnas with a rebound.
0:59 of 1st overtime period - Slapshot by Griffin Reinhart.
0:59 of 1st overtime period - Stopped by Jussi Rynnas with a rebound.
1:55 of 1st overtime period - Derek Forbort is hit by Brayden Point and loses puck.
2:47 of 1st overtime period - Snap shot by David Wolf.
2:47 of 1st overtime period - Stopped by Eric Comrie without a rebound.
2:48 of 1st overtime period - Jordan Weal wins face-off versus Chris Tierney in Monarchs zone.
2:49 of 1st overtime period - Snap shot by David Wolf.
2:49 of 1st overtime period - Stopped by Eric Comrie with a rebound.
3:50 of 1st overtime period - Wrist shot by Colby Cave.
3:50 of 1st overtime period - Deflect By Morgan Rielly.
3:50 of 1st overtime period - Shot Misses the Net.
3:50 of 1st overtime period - Puck is out of play.
3:51 of 1st overtime period - Chris Tierney wins face-off versus Colby Cave in Monarchs zone.
3:58 of 1st overtime period - Snap shot by Dwight King.
3:58 of 1st overtime period - Stopped by Jussi Rynnas without a rebound.
3:59 of 1st overtime period - Eric Fehr wins face-off versus Max Domi in Thunder zone.
4:38 of 1st overtime period - Slapshot by Peter Andersson.
4:38 of 1st overtime period - Shot Blocked by Mark Pysyk.
Goals for this period are 0 for Thunder vs 0 for Monarchs .
Shots for this period are 3 for Thunder vs 3 for Monarchs .

ShootOut


5:00 of 1st overtime period - Round #1.
5:00 of 1st overtime period - Thunder, Eric Fehr.
5:00 of 1st overtime period - Wrist shot by Eric Fehr.
5:00 of 1st overtime period - Goal by Eric Fehr.
5:00 of 1st overtime period - Monarchs , Dwight King.
5:00 of 1st overtime period - Wrist shot by Dwight King.
5:00 of 1st overtime period - Shot Misses the Net.
5:00 of 1st overtime period - Round #2.
5:00 of 1st overtime period - Thunder, William Karlsson.
5:00 of 1st overtime period - Deke by William Karlsson.
5:00 of 1st overtime period - Stopped by Eric Comrie.
5:00 of 1st overtime period - Monarchs , Brayden Point.
5:00 of 1st overtime period - Snap shot by Brayden Point.
5:00 of 1st overtime period - Shot Hit the Post.
5:00 of 1st overtime period - Round #3.
5:00 of 1st overtime period - Thunder, David Wolf.
5:00 of 1st overtime period - Wrist shot by David Wolf.
5:00 of 1st overtime period - Stopped by Eric Comrie.
5:00 of 1st overtime period - Monarchs , Anthony Mantha.
5:00 of 1st overtime period - Snap shot by Anthony Mantha.
5:00 of 1st overtime period - Goal by Anthony Mantha.
5:00 of 1st overtime period - Round #4.
5:00 of 1st overtime period - Thunder, Jamie McGinn.
5:00 of 1st overtime period - Deke by Jamie McGinn.
5:00 of 1st overtime period - Goal by Jamie McGinn.
5:00 of 1st overtime period - Monarchs , Elias Lindholm.
5:00 of 1st overtime period - Snap shot by Elias Lindholm.
5:00 of 1st overtime period - Goal by Elias Lindholm.
5:00 of 1st overtime period - Round #5.
5:00 of 1st overtime period - Thunder, Jamie McGinn.
5:00 of 1st overtime period - Wrist shot by Jamie McGinn.
5:00 of 1st overtime period - Stopped by Eric Comrie.
5:00 of 1st overtime period - Monarchs , Andreas Martinsen.
5:00 of 1st overtime period - Snap shot by Andreas Martinsen.
5:00 of 1st overtime period - Goal by Andreas Martinsen.